BSA
BOSTON REBELS @ MAUI TROPICS
06/11/2026
 
TOP OF THE 1ST
Boston Rebels batting - Pitching for Maui Tropics : LHP Kent Robinson
Pitching: LHP Kent Robinson
Batting: RHB Roberto Chávez 0-0: Ball
1-0: Ground out 6-3 (Groundball, 6)
Batting: RHB Ronnie Brown 0-0: SINGLE (Groundball, 34)
Batting: LHB Stanley Mullins 0-0: Ball
1-0: Fielders Choice at 2nd, 4-6 (Groundball, 4M)
Batting: LHB Lorenzo Flores 0-0: Swinging Strike
0-1: Ball
1-1: Ball
2-1: Swinging Strike
2-2: Foul Ball, location: 2F
2-2: Foul Ball, location: 2F
2-2: Strikes out swinging
Top of the 1st over - 0 run(s), 1 hit(s), 0 error(s), 1 left on base; Boston 0 - Maui 0
BOTTOM OF THE 1ST
Maui Tropics batting - Pitching for Boston Rebels : RHP Mark MacGruder
Pitching: RHP Mark MacGruder
Batting: RHB Jeff Packard 0-0: Ground out 6-3 (Groundball, 6M)
Batting: RHB Jesús Espinoza 0-0: Foul Ball, location: 2F
0-1: Fly out, F9 (Flyball, 9LDF)
Batting: RHB José Herrera 0-0: Foul Ball, location: 2F
0-1: DOUBLE (Line Drive, 5L)
Batting: LHB Luis Antonio Torres 0-0: Foul Ball, location: 2F
0-1: Fly out, F7 (Flyball, 7D)
Bottom of the 1st over - 0 run(s), 1 hit(s), 0 error(s), 1 left on base; Boston 0 - Maui 0
TOP OF THE 2ND
Boston Rebels batting - Pitching for Maui Tropics : LHP Kent Robinson
Batting: SHB Javier Villegas 0-0: Called Strike
0-1: Ball
1-1: Hit by Pitch
Batting: RHB Salvador Gonzáles 0-0: Ball
1-0: Ball
2-0: Foul Ball, location: 2F
2-1: Ball
3-1: Base on Balls
Javier Villegas to second
Batting: RHB Felipe Olivas 0-0: Ground out 5-3 (Groundball, 56S)
Javier Villegas to third
Salvador Gonzáles to second
Batting: LHB Jeff Gordon 0-0: Called Strike
0-1: Ground out 4-3 (Groundball, 4)
Javier Villegas scores
Salvador Gonzáles to third
Batting: RHB Rubén Matos 0-0: SINGLE (Groundball, 34)
Salvador Gonzáles scores
Batting: RHB Roberto Chávez 0-0: SINGLE (Flyball, 9LS)
Rubén Matos to second
Batting: RHB Ronnie Brown 0-0: Called Strike
0-1: Fly out, F5 (Line Drive, 56)
Top of the 2nd over - 2 run(s), 2 hit(s), 0 error(s), 2 left on base; Boston 2 - Maui 0
BOTTOM OF THE 2ND
Maui Tropics batting - Pitching for Boston Rebels : RHP Mark MacGruder
Batting: LHB Anacleto Morillo 0-0: Ball
1-0: Ball
2-0: Called Strike
2-1: Ball
3-1: Called Strike
3-2: Base on Balls
Batting: RHB José Rodríguez 0-0: Ball
1-0: Ball
2-0: Swinging Strike
2-1: Foul Ball, location: 2F
2-2: Ball
Wild Pitch!
Anacleto Morillo to second
3-2: Reached on error, E6 (Groundball, 6M)
Anacleto Morillo to third
Batting: RHB Michael Woodruff 0-0: Grounds into double play, 6-4-3 (Groundball, 6)
Anacleto Morillo scores
Batting: RHB Eugene Gill 0-0: Foul Ball, location: 2F
0-1: SINGLE (Line Drive, 7S)
Batting: LHB Javier Espinoza 0-0: Called Strike
0-1: Ball
1-1: Foul Ball, location: 2F
1-2: Strikes out swinging
Bottom of the 2nd over - 1 run(s), 1 hit(s), 1 error(s), 1 left on base; Boston 2 - Maui 1
TOP OF THE 3RD
Boston Rebels batting - Pitching for Maui Tropics : LHP Kent Robinson
Batting: LHB Stanley Mullins 0-0: Called Strike
0-1: Foul Ball, location: 2F
0-2: Foul Ball, location: 2F
0-2: Ball
1-2: Ball
2-2: Foul Ball, location: 2F
2-2: Ball
3-2: SINGLE (Groundball, 34)
Batting: LHB Lorenzo Flores 0-0: Ball
1-0: Grounds into double play, 4-6-3 (Groundball, 4)
Batting: SHB Javier Villegas 0-0: Called Strike
0-1: Foul Ball, location: 2F
0-2: Ball
1-2: SINGLE (Line Drive, 7LS)
Batting: RHB Salvador Gonzáles 0-0: Ball
1-0: Called Strike
1-1: Ground out 5-3 (Groundball, 5L)
Top of the 3rd over - 0 run(s), 2 hit(s), 0 error(s), 1 left on base; Boston 2 - Maui 1
BOTTOM OF THE 3RD
Maui Tropics batting - Pitching for Boston Rebels : RHP Mark MacGruder
Batting: RHB Jeff Packard 0-0: Ball
1-0: Swinging Strike
1-1: Ball
2-1: Fly out, F8 (Line Drive, 8LXD)
Batting: RHB Jesús Espinoza 0-0: SINGLE (Groundball, 56D)
Batting: RHB José Herrera 0-0: Called Strike
0-1: Called Strike
0-2: Ball
1-2: 2-RUN HOME RUN (Line Drive, 8LXD), Distance : 415 ft
Batting: LHB Luis Antonio Torres 0-0: Ball
1-0: SOLO HOME RUN (Flyball, 7D), Distance : 350 ft
Batting: LHB Anacleto Morillo 0-0: Ball
1-0: Called Strike
1-1: Ball
2-1: Ball
3-1: Fly out, F3 (Popup, 34S)
Batting: RHB José Rodríguez 0-0: Ball
1-0: Ball
2-0: Ball
3-0: Base on Balls
Batting: RHB Michael Woodruff 0-0: Ball
1-0: Called Strike
1-1: Ground out 5-3 (Groundball, 5)
Bottom of the 3rd over - 3 run(s), 3 hit(s), 0 error(s), 1 left on base; Boston 2 - Maui 4
TOP OF THE 4TH
Boston Rebels batting - Pitching for Maui Tropics : LHP Kent Robinson
Batting: RHB Felipe Olivas 0-0: Ground out 6-3 (Groundball, 6)
Batting: LHB Jeff Gordon 0-0: Ball
1-0: Called Strike
1-1: Swinging Strike
1-2: Strikes out looking
Batting: RHB Rubén Matos 0-0: Ball
1-0: Called Strike
1-1: Ground out 5-3 (Groundball, 15S)
Top of the 4th over - 0 run(s), 0 hit(s), 0 error(s), 0 left on base; Boston 2 - Maui 4
BOTTOM OF THE 4TH
Maui Tropics batting - Pitching for Boston Rebels : RHP Mark MacGruder
Batting: RHB Eugene Gill 0-0: Called Strike
0-1: Ball
1-1: SINGLE (Groundball, 4D)
Batting: LHB Javier Espinoza 0-0: Called Strike
0-1: Ball
1-1: Swinging Strike
1-2: Ball
2-2: Grounds into double play, 5-4-3 (Groundball, 56)
Batting: RHB Jeff Packard 0-0: Called Strike
0-1: SINGLE (Groundball, 6MD)
Batting: RHB Jesús Espinoza 0-0: DOUBLE (Flyball, 78D)
Jeff Packard to third
Batting: RHB José Herrera 0-0: Swinging Strike
0-1: Ball
1-1: Swinging Strike
1-2: Ball
2-2: Foul Ball, location: 2F
2-2: Foul Ball, location: 2F
2-2: Strikes out swinging
Bottom of the 4th over - 0 run(s), 3 hit(s), 0 error(s), 2 left on base; Boston 2 - Maui 4
TOP OF THE 5TH
Boston Rebels batting - Pitching for Maui Tropics : LHP Kent Robinson
Batting: RHB Roberto Chávez 0-0: Called Strike
0-1: Ball
1-1: Called Strike
1-2: Ball
2-2: Strikes out swinging
Batting: RHB Ronnie Brown 0-0: Called Strike
0-1: Ball
1-1: Swinging Strike
1-2: Ball
2-2: Strikes out swinging
Batting: LHB Stanley Mullins 0-0: Ball
1-0: SINGLE (Line Drive, 6D)
Batting: LHB Lorenzo Flores 0-0: Ball
1-0: Ball
2-0: Swinging Strike
2-1: Foul Ball, location: 2F
2-2: Ground out U3 (Groundball, 3S)
Top of the 5th over - 0 run(s), 1 hit(s), 0 error(s), 1 left on base; Boston 2 - Maui 4
BOTTOM OF THE 5TH
Maui Tropics batting - Pitching for Boston Rebels : RHP Mark MacGruder
Batting: LHB Luis Antonio Torres 0-0: Foul Ball, location: 2F
0-1: Called Strike
0-2: SINGLE (Flyball, 8LS)
Batting: LHB Anacleto Morillo 0-0: Called Strike
0-1: Called Strike
0-2: Ball
1-2: Foul Ball, location: 2F
1-2: Ground out 4-3 (Groundball, 4M)
Luis Antonio Torres to second
Batting: RHB José Rodríguez 0-0: Ball
1-0: Ground out 6-3 (Groundball, 6M)
Luis Antonio Torres to third
Batting: RHB Michael Woodruff 0-0: Called Strike
0-1: Ball
1-1: Ball
2-1: Foul Ball, location: 2F
2-2: Strikes out looking
Bottom of the 5th over - 0 run(s), 1 hit(s), 0 error(s), 1 left on base; Boston 2 - Maui 4
TOP OF THE 6TH
Boston Rebels batting - Pitching for Maui Tropics : LHP Kent Robinson
Batting: SHB Javier Villegas 0-0: Called Strike
0-1: Ball
1-1: Ground out 1-3 (Groundball, 15)
Batting: RHB Salvador Gonzáles 0-0: SINGLE (Flyball, 9S)
Batting: RHB Felipe Olivas 0-0: Called Strike
0-1: Swinging Strike
0-2: DOUBLE (Line Drive, 89XD)
Salvador Gonzáles to third
Runner from 3rd tries for Home, SAFE, throw made at trailing runner, SAFE at third!
Batting: LHB Jeff Gordon 0-0: Ball
1-0: Fly out, F7 (Flyball, 78M)
Batting: RHB Rubén Matos 0-0: Foul Ball, location: 2F
0-1: Ground out 6-3 (Groundball, 6)
Top of the 6th over - 1 run(s), 2 hit(s), 0 error(s), 1 left on base; Boston 3 - Maui 4
BOTTOM OF THE 6TH
Maui Tropics batting - Pitching for Boston Rebels : RHP Mark MacGruder
Batting: RHB Eugene Gill 0-0: Ball
1-0: Ground out 6-3 (Groundball, 6)
Batting: LHB Javier Espinoza 0-0: Called Strike
0-1: Fly out, F4 (Popup, 4D)
Batting: RHB Jeff Packard 0-0: Swinging Strike
0-1: SINGLE (Line Drive, 56)
Batting: RHB Jesús Espinoza 0-0: Called Strike
Jeff Packard is caught stealing 2nd base
Bottom of the 6th over - 0 run(s), 1 hit(s), 0 error(s), 0 left on base; Boston 3 - Maui 4
TOP OF THE 7TH
Boston Rebels batting - Pitching for Maui Tropics : LHP Kent Robinson
Batting: RHB Roberto Chávez 0-0: Ball
1-0: Foul Ball, location: 2F
1-1: Ball
2-1: DOUBLE (Line Drive, 9LM)
Batting: RHB Ronnie Brown 0-0: Ground out 3-1 (Groundball, 3L)
Roberto Chávez to third
Batting: LHB Stanley Mullins 0-0: SINGLE (Line Drive, 56D)
Roberto Chávez scores
Batting: LHB Lorenzo Flores 0-0: Swinging Strike
0-1: Ball
1-1: Foul Ball, location: 2F
1-2: SINGLE (Line Drive, 34D)
Stanley Mullins to second
Batting: SHB Javier Villegas 0-0: Swinging Strike
0-1: Ball
1-1: SINGLE (Line Drive, 78S)
Stanley Mullins to third
Lorenzo Flores to second
Runner from 3rd tries for Home, SAFE, throw made home
Lorenzo Flores to third
Javier Villegas to second
Batting: RHB Salvador Gonzáles 0-0: Intentional Walk
Batting: RHB Felipe Olivas 0-0: Swinging Strike
0-1: Ball
1-1: Foul Ball, location: 2F
1-2: Strikes out looking
Batting: LHB Jeff Gordon 0-0: Foul Ball, location: 2F
0-1: Called Strike
0-2: Strikes out swinging
Top of the 7th over - 2 run(s), 4 hit(s), 0 error(s), 3 left on base; Boston 5 - Maui 4
BOTTOM OF THE 7TH
Maui Tropics batting - Pitching for Boston Rebels : RHP Mark MacGruder
Batting: RHB Jesús Espinoza 0-0: Called Strike
0-1: Fly out, F3 (Popup, 3DF)
Batting: RHB José Herrera 0-0: Ball
1-0: Ball
2-0: Foul Ball, location: 2F
2-1: Foul Ball, location: 2F
2-2: Fly out, F7 (Line Drive, 7M)
Batting: LHB Luis Antonio Torres 0-0: Ball
1-0: Ball
2-0: Called Strike
2-1: Foul Ball, location: 2F
2-2: Ball
3-2: Foul Ball, location: 2F
3-2: SINGLE (Groundball, 6M)
Batting: LHB Anacleto Morillo 0-0: Called Strike
0-1: SINGLE (Line Drive, 34D)
Luis Antonio Torres to second
Pinch Runner at 2nd Mario Olivares:
Pinch Hitting: LHB Henry Huffman 0-0: Called Strike
0-1: Fly out, F7 (Flyball, 7M)
Bottom of the 7th over - 0 run(s), 2 hit(s), 0 error(s), 2 left on base; Boston 5 - Maui 4
TOP OF THE 8TH
Boston Rebels batting - Pitching for Maui Tropics : LHP Kent Robinson
Pitching: RHP Chuk-yan Zhuan
Now in LF: Henry Huffman
Now in CF: Mario Olivares
Batting: RHB Rubén Matos 0-0: Ball
1-0: Called Strike
1-1: Ball
2-1: Swinging Strike
2-2: Fly out, F4 (Popup, 34)
Batting: RHB Roberto Chávez 0-0: Called Strike
0-1: Foul Ball, location: 2F
0-2: Ball
1-2: Strikes out swinging
Batting: RHB Ronnie Brown 0-0: Ball
1-0: Fly out, F7 (Line Drive, 7LD)
Top of the 8th over - 0 run(s), 0 hit(s), 0 error(s), 0 left on base; Boston 5 - Maui 4
BOTTOM OF THE 8TH
Maui Tropics batting - Pitching for Boston Rebels : RHP Mark MacGruder
Pitching: RHP Alberto Bonilla
Batting: RHB Michael Woodruff 0-0: Called Strike
0-1: Ball
1-1: Ball
2-1: Ground out 5-3 (Groundball, 56)
Batting: RHB Eugene Gill 0-0: Ball
1-0: Foul Ball, location: 2F
1-1: Fly out, F7 (Flyball, 7M)
Batting: LHB Javier Espinoza 0-0: Ball
1-0: Ball
2-0: Ball
3-0: Called Strike
3-1: Base on Balls
Batting: RHB Jeff Packard 0-0: Ball
1-0: Called Strike
1-1: SINGLE (Flyball, 9S)
Javier Espinoza to second
Runner from 2nd tries for 3rd, OUT!
Bottom of the 8th over - 0 run(s), 1 hit(s), 0 error(s), 1 left on base; Boston 5 - Maui 4
TOP OF THE 9TH
Boston Rebels batting - Pitching for Maui Tropics : RHP Chuk-yan Zhuan
Pitching: RHP Dave Riley
Batting: LHB Stanley Mullins 0-0: Swinging Strike
0-1: Ground out 4-3 (Groundball, 4)
Batting: LHB Lorenzo Flores 0-0: Called Strike
0-1: Ball
1-1: Swinging Strike
1-2: SINGLE (Groundball, 4MD)
Batting: SHB Javier Villegas 0-0: Ball
1-0: Ball
2-0: Foul Ball, location: 2F
2-1: Ball
3-1: Swinging Strike
3-2: Strikes out swinging
Batting: RHB Salvador Gonzáles 0-0: Ball
1-0: Ball
2-0: Called Strike
2-1: Ball
3-1: Called Strike
3-2: SINGLE (Groundball, 4)
Lorenzo Flores to second
Lorenzo Flores to third
Pinch Hitting: LHB Doyle Otterburn 0-0: Ball
1-0: Ball
2-0: Ball
3-0: Called Strike
3-1: Base on Balls
Salvador Gonzáles to second
Batting: LHB Jeff Gordon 0-0: Called Strike
0-1: Fly out, F7 (Flyball, 78D)
Top of the 9th over - 0 run(s), 2 hit(s), 0 error(s), 3 left on base; Boston 5 - Maui 4
BOTTOM OF THE 9TH
Maui Tropics batting - Pitching for Boston Rebels : RHP Alberto Bonilla
Pitching: RHP Tony Rocha
Now at SS: Doyle Otterburn
Batting: RHB Jesús Espinoza 0-0: Ball
1-0: Swinging Strike
1-1: Foul Ball, location: 2F
1-2: Foul Ball, location: 2F
1-2: Foul Ball, location: 2F
1-2: Strikes out looking
Batting: RHB José Herrera 0-0: Called Strike
0-1: Foul Ball, location: 2F
0-2: Ball
1-2: Strikes out swinging
Batting: LHB Mario Olivares 0-0: Ball
1-0: Ground out 6-3 (Groundball, 6M)
Bottom of the 9th over - 0 run(s), 0 hit(s), 0 error(s), 0 left on base; Boston 5 - Maui 4
Monday, December 5th, 2016 - OOTP Baseball 17.12 Build 75